AoeStats
← Heber Son Of Odin

Enclosed

504598902Analyzed
1v1 RM · 27d ago on Sep 5, 2026· 14m 40s· 2 players
Game mode
Random Map
Map size
Tiny (2 player)
Population
200
Speed
Normal
Resources
Standard
Victory
Conquest
Starting age
Dark Age
Ending age
Imperial Age
RankedLock teamsTeams togetherTeam positionsShared explorationLock speedFull tech treeHidden civsTurbo modeCheats
Victory
Defeat
🇨🇱 Burmese · Chile
957
+16
🇲🇽 Aztecs · Mexico
965
-18
Rey Pescadito
7:30 Loom
11:17 Feudal Age
16:00 Castle Age
14:39 Horse Collar
Heber Son Of Odin
0:25 Loom
9:31 Feudal Age
10:06 Double-Bit Axe
12:30 Fletching
Connection lost

Rejoining the realm…

Still unreachable

The connection could not be restored.

Session expired

The server has moved on; the page needs a fresh start.